AoeStats
← andresk

Arena

508163289Analyzed
2v2 RM · 10d ago on Sep 21, 2026· 53m 36s· 4 players
Game mode
Random Map
Map size
Medium (4 player)
Population
200
Speed
Normal
Resources
Standard
Victory
Conquest
Starting age
Dark Age
Ending age
Imperial Age
RankedLock teamsTeams togetherTeam positionsShared explorationLock speedFull tech treeHidden civsTurbo modeCheats
Victory
Defeat
🇺🇸 Spanish · United States
700
+6
🇺🇸 Persians · United States
700
+6
🇨🇦 Celts · Canada
437
-6
🇨🇴 Portuguese · Colombia
431
-6
Chaosjut
0:29 Loom
13:48 Feudal Age
15:08 Wheelbarrow
14:16 Horse Collar
14:23 Double-Bit Axe
14:35 Gold Mining
14:38 Stone Mining
27:00 Castle Age
24:46 Man-at-Arms
25:13 Arson
28:47 Hand Cart
28:47 Bow Saw
28:55 Heavy Plow
31:18 Fortified Wall
30:51 Treadmill Crane
31:57 Forging
31:47 Scale Mail Armor
31:39 Fletching
31:53 Padded Archer Armor
32:35 Caravan
33:16 Coinage
33:37 Gold Shaft Mining
33:49 Stone Shaft Mining
33:54 Long Swordsman
34:19 Gambesons
33:55 Pikeman
36:14 Iron Casting
35:55 Chain Mail Armor
38:20 Bodkin Arrow
38:40 Leather Archer Armor
38:40 Masonry
45:34 Imperial Age
45:37 Ballistics
45:00 Elite Skirmisher
45:00 Crossbowman
46:35 Siege Engineers
47:32 Chemistry
47:35 Blast Furnace
47:09 Plate Mail Armor
47:20 Ring Archer Armor
48:47 Capped Ram
49:27 Siege Ram
50:22 Furor Celtica
50:33 Conscription
50:33 Two-Handed Swordsman
51:19 Halberdier
andresk
0:41 Loom
14:49 Feudal Age
15:22 Horse Collar
15:34 Double-Bit Axe
18:03 Forging
17:53 Scale Mail Armor
17:54 Padded Archer Armor
17:45 Fletching
23:09 Castle Age
26:09 Iron Casting
25:51 Leather Archer Armor
28:53 Pikeman
29:10 Elite Skirmisher
32:24 Ballistics
32:15 Masonry
32:35 Bodkin Arrow
35:47 Heavy Plow
41:08 Imperial Age
41:06 Chain Mail Armor
41:23 Heated Shot
42:55 Chemistry
42:33 Architecture
46:57 Blast Furnace
45:58 Bracer
46:29 Ring Archer Armor
46:31 Plate Mail Armor
45:46 Halberdier
leehunt85
11:04 Feudal Age
9:20 Loom
16:25 Castle Age
14:53 Horse Collar
20:48 Heavy Plow
22:20 Double-Bit Axe
23:56 Bow Saw
24:00 Murder Holes
24:52 Squires
29:15 Wheelbarrow
30:49 Forging
30:45 Scale Barding Armor
31:12 Bloodlines
31:03 Husbandry
30:25 Light Cavalry
31:31 Ballistics
32:31 Kamandaran
33:38 Iron Casting
33:05 Padded Archer Armor
32:57 Fletching
33:23 Crossbowman
36:00 Thumb Ring
39:07 Hand Cart
38:40 Town Watch
40:10 Leather Archer Armor
39:51 Bodkin Arrow
40:17 Chain Barding Armor
44:12 Imperial Age
41:28 Loom
43:17 Town Patrol
45:01 Conscription
46:31 Chemistry
47:17 Plate Barding Armor
47:44 Blast Furnace
47:18 Ring Archer Armor
47:56 Cavalier
48:02 Hussar
52:36 Savar
MrAlwaysWins
11:16 Feudal Age
12:55 Loom
16:19 Castle Age
22:17 Double-Bit Axe
25:00 Bow Saw
24:44 Horse Collar
25:37 Heavy Plow
27:23 Wheelbarrow
26:35 Town Watch
27:00 Gold Mining
27:13 Stone Mining
28:41 Hand Cart
29:35 Stone Shaft Mining
30:29 Town Patrol
30:33 Fletching
30:55 Forging
30:53 Scale Barding Armor
33:36 Bloodlines
33:27 Husbandry
32:51 Light Cavalry
32:56 Pikeman
33:37 Squires
33:23 Arson
33:41 Bodkin Arrow
35:04 Iron Casting
34:51 Chain Barding Armor
38:46 Imperial Age
36:56 Padded Archer Armor
36:58 Scale Mail Armor
38:15 Fortified Wall
38:01 Murder Holes
38:28 Ballistics
38:20 Masonry
37:50 Elite Skirmisher
41:01 Conscription
41:20 Hoardings
40:26 Halberdier
40:31 Hussar
40:33 Cavalier
41:23 Bracer
42:25 Blast Furnace
42:02 Plate Barding Armor
44:04 Architecture
44:37 Chemistry
44:30 Thumb Ring
45:51 Chain Mail Armor
45:53 Leather Archer Armor
46:50 Elite Conquistador
48:36 Ring Archer Armor
48:44 Plate Mail Armor
Connection lost

Rejoining the realm…

Still unreachable

The connection could not be restored.

Session expired

The server has moved on; the page needs a fresh start.